 Dungeon Crawl Stone Soup version 0.18.1-48-g4cf74bf (webtiles) character file.

9263 Alarkh the Martial Artist (level 11, -6/186 HPs)
             Began as a Vampire Chaos Knight on July 21, 2016.
             Mangled by a death knight
             ... wielding a +2 broad axe
              (27 damage)
             ... on level 11 of the Dungeon.
             The game lasted 00:23:23 (8784 turns).

Alarkh the Martial Artist (Vampire Chaos Knight)    Turns: 8784, Time: 00:23:25

Health: -6/186     AC: 25    Str: 14    XL:     11   Next: 20%
Magic:  9/9        EV:  2    Int: 17    God:    Xom [..*...]
Gold:   317        SH:  0    Dex: 20    Spells: 0 memorised, 10 levels left

rFire  . . .     SeeInvis +       - Unarmed
rCold  + . .     Gourm    .     (armour currently unavailable)
rNeg   + + +     Faith    .     (no shield)
rPois  +         Spirit   .     (helmet currently unavailable)
rElec  .         Dismiss  .     (cloak currently unavailable)
rCorr  .         Reflect  .     (gloves currently unavailable)
SustAt .         Harm     .     (boots currently unavailable)
MR     +++..     NoTele   +     e - amulet of rage
Stlth  ..........               v - ring of protection from cold
                                d - ring of protection from magic

@: mighty, agile, berserking, tree-form, very slightly contaminated,
regenerating quickly, hasted and slowed, extremely resistant to hostile
enchantments, extremely unstealthy
A: (antennae 0), (fangs 0), see invisible, (deformed body), low mp 1, magic
resistance 1, weak 1, (unbreathing)
a: Renounce Religion, Evoke Berserk Rage


You were on level 11 of the Dungeon.
You worshipped Xom.
You were a toy of Xom.
You were very full.
You were a tree.
You visited 2 branches of the dungeon, and saw 12 of its levels.

You collected 778 gold pieces.
You spent 461 gold pieces at shops.

Inventory:

Missiles
 g - 2 throwing nets (quivered)
Armour
 a - a +2 leather armour
 h - a +0 pair of gloves (melded)
 x - a +0 pair of boots
 D - a +2 pair of boots of flying (melded)
 O - a +1 robe of magic resistance
 V - a +0 fire dragon armour (melded)
 W - a +0 cloak (melded)
Magical Staves
 E - an uncursed staff of death
 K - an uncursed staff of poison
Rods
 b - a +1 lightning rod (10/10)
   (You bought it in a shop on level 10 of the Dungeon)
Jewellery
 d - a ring of protection from magic (left branch)
 e - an amulet of rage (around neck)
 v - a ring of protection from cold (right branch)
Wands
 G - a wand of iceblast (7/15)
 H - a wand of iceblast (13/15)
 I - a wand of polymorph (15/24)
 L - a wand of iceblast (8/15)
 P - a wand of enslavement (10/24)
 Q - a wand of iceblast (6/15)
 R - a wand of random effects (29/48)
Scrolls
 k - 2 scrolls of fear
 m - 3 scrolls of enchant weapon
 n - 3 scrolls of teleportation
 o - a scroll of immolation
 q - 3 scrolls of recharging
 y - 2 scrolls of noise
 z - a scroll of amnesia
 C - a scroll of fog
 F - a scroll of blinking
 T - 3 scrolls of remove curse
Potions
 c - 23 potions of blood
 f - 4 potions of might
 j - 4 potions of curing
 l - 3 potions of resistance
 p - a potion of brilliance
 r - 2 potions of berserk rage
 u - 4 potions of mutation
 w - a potion of agility
 M - a potion of beneficial mutation {unknown}
 N - 2 potions of ambrosia {unknown}
 S - a potion of flight {unknown}
 Y - a potion of haste {unknown}
Books
 t - a book of Unlife

   Spells                             Type                      Level
   a - Recall                         Summoning/Translocation      3
   b - Animate Dead                   Necromancy                   4
   c - Control Undead                 Necromancy                   4
   d - Cigotuvi's Embrace             Necromancy                   5
   e - Death Channel                  Necromancy                   6
   f - Simulacrum                     Ice/Necromancy               6
 A - a book of Callings

   Spells                             Type                      Level
   a - Summon Small Mammal            Summoning                    1
   b - Call Imp                       Summoning                    2
   c - Call Canine Familiar           Summoning                    3
   d - Summon Guardian Golem          Hexes/Summoning              3
   e - Summon Lightning Spire         Summoning/Air                4
   f - Summon Ice Beast               Ice/Summoning                4
 B - Xom's Volume of Alarkh's Doom
   (Xom gifted it to you on level 6 of the Dungeon)

   Spells                             Type                      Level
   a - Swiftness                      Charms/Air                   2
   b - Static Discharge               Conjuration/Air              3
   c - Spectral Weapon                Hexes/Charms                 3
   d - Ring of Flames                 Charms/Fire                  7
   e - Tornado                        Air                          9
 J - a Fen Folio

   Spells                             Type                      Level
   a - Corpse Rot                     Necromancy                   2
   b - Stone Arrow                    Conjuration/Earth            3
   c - Leda's Liquefaction            Hexes/Earth                  4
   d - Summon Forest                  Summoning/Translocation      5
   e - Hydra Form                     Transmutation                6
   f - Summon Hydra                   Summoning                    7
 U - a book of Annihilations

   Spells                             Type                      Level
   a - Poison Arrow                   Conjuration/Poison           6
   b - Chain Lightning                Conjuration/Air              8
   c - Lehudib's Crystal Spear        Conjuration/Earth            8
   d - Glaciate                       Conjuration/Ice              9
   e - Fire Storm                     Conjuration/Fire             9


   Skills:
 + Level 6.7 Fighting
 + Level 1.7 Armour
 + Level 7.8 Dodging
 + Level 9.2 Stealth
 * Level 14.3 Unarmed Combat


You had 10 spell levels left.
You didn't know any spells.

Dungeon Overview and Level Annotations

Branches:
Dungeon (11/15)            Temple (1/1) D:5             Orc (0/2) D:10
   Lair: D:8-11

Altars:
Ashenzari
Cheibriados
Dithmenos
Elyvilon
Fedhas
Gozag
Kikubaaqudgha
Makhleb
Nemelex Xobeh
Okawaru
Pakellas
Qazlal
Ru
Sif Muna
Trog
Vehumet
Xom
Yredelemnul
Zin
The Shining One

Shops:
D:4 %   D:10 *


Innate Abilities, Weirdness & Mutations

Your natural rate of healing is unusually fast.
((You have razor-sharp teeth.))
You have supernaturally acute eyesight.
((You can survive without breathing.))
((You have a pair of small antennae on your head.))
((Armour fits poorly on your strangely shaped body.))
Your magical capacity is low (-10% MP).
You are resistant to hostile enchantments.
You are weak. (Str -2)


Message History

The orc hits you but does no damage. x2
You are very lightly contaminated with residual magic.
Drink which item? (? for menu, Esc to quit)
You feel much better. The freezing wraith hits you.
* * * LOW HITPOINT WARNING * * *
The freezing wraith freezes you. You resist.
* * * LOW HITPOINT WARNING * * *
The freezing wraith hits you but does no damage.
The orc hits you but does no damage.
The death knight hits you but does no damage.
The orc warrior hits you from afar with a glaive!
* * * LOW HITPOINT WARNING * * *
Drink which item? (? for menu, Esc to quit)
A red film seems to cover your vision as you go berserk!
You feel yourself moving faster!
You feel mighty!
The freezing wraith hits you but does no damage.
The freezing wraith barely misses you. The orc barely misses you.
The death knight hits you with an enchanted broad axe!!
You die...
Xom bursts into laughter!

.......###
#.......##
#######
###'####
##+###### #
#.# # #.# #
#.# #
###'#######
#
#.......<.#
#######+###
#
#.........#
#..........
.
#.........+
#..♣o......
#.........#
+.Wop......
#.........#
#..oo......
#####'#####
#..........
#...#
#..........
#.###
#####..####
#.# .##
###.# ..
#...# ∆


You could see a death knight, a freezing wraith, an orc warrior, an orc wizard
(invisible) and 2 orcs.

Vanquished Creatures
  Maud (D:11)
  A fire dragon (D:10)
  A phantasmal warrior (D:11)
  Pikel (D:7)
  Maurice (D:10)
  A freezing wraith (D:11)
  A wraith (D:11)
  A yak (D:9)
  A human (D:9)
  2 hungry ghosts (D:7)
  Menkaure (D:6)
  2 hippogriffs
  A water moccasin (D:9)
  2 orc warriors
  An ice beast (D:8)
  2 slaves (D:7)
  4 black bears
  3 sky beasts
  3 phantoms
  2 necrophages
  2 ogres (D:9)
  A tengu (D:5)
  4 centaurs
  5 giant frogs
  2 scorpions
  3 killer bees (D:10)
  4 howler monkeys
  8 wights
  2 crimson imps
  2 quasits
  A jelly (D:6)
  6 hounds
  3 orc priests
  14 orc wizards
  A giant frog skeleton (D:5)
  2 iguanas
  9 worker ants
  4 killer bee zombies
  4 sheep
  A worker ant zombie (D:5)
  10 adders
  2 shadow imps
  2 oozes
  2 worms (D:2)
  3 dart slugs
  2 giant geckos
  15 orcs
  7 giant cockroaches
  6 goblins
  10 hobgoblins
  6 jackals
  5 quokkas
  3 ball pythons
  9 bats
  5 giant newts
  A jackal skeleton (D:4)
  9 kobolds
  A quokka skeleton (D:8)
  10 rats
218 creatures vanquished.

Vanquished Creatures (collateral kills)
  2 slaves (D:7)
  An orc warrior (D:8)
  An ogre (D:7)
  An orc priest (D:8)
  A hound (D:4)
  An adder (D:5)
  A kobold (D:3)
8 creatures vanquished.

Grand Total: 226 creatures vanquished

Notes
Turn   | Place    | Note
--------------------------------------------------------------
     0 | D:1      | Alarkh the Vampire Chaos Knight began the quest for the Orb.
     0 | D:1      | Reached XP level 1. HP: 17/17 MP: 1/1
    44 | D:1      | XOM: divination: detect items
   138 | D:1      | Reached XP level 2. HP: 21/23 MP: 2/2
   163 | D:1      | Reached skill level 4 in Unarmed Combat
   331 | D:1      | XOM: harmless Chrm miscast
   395 | D:1      | XOM: harmless Divn miscast
   747 | D:2      | Found a sparkling altar of Nemelex Xobeh.
   801 | D:2      | Reached XP level 3. HP: 28/28 MP: 3/3
   940 | D:2      | Reached skill level 5 in Unarmed Combat
   970 | D:2      | XOM is BORED!
   970 | D:2      | XOM: harmless Conj miscast
   975 | D:2      | XOM: harmless Ice miscast
  1120 | D:2      | Reached XP level 4. HP: 20/34 MP: 4/4
  1352 | D:2      | XOM: harmless Divn miscast
  1485 | D:2      | Found a burning altar of Makhleb.
  1485 | D:2      | Found an oddly glowing altar of Pakellas.
  1653 | D:3      | XOM: divination: detect creatures
  1803 | D:3      | XOM: potion effect (agility)
  1810 | D:3      | XOM: divination: detect creatures
  1814 | D:3      | Reached skill level 6 in Unarmed Combat
  1822 | D:3      | Reached XP level 5. HP: 22/39 MP: 5/5
  2005 | D:3      | XOM is BORED!
  2005 | D:3      | XOM: harmless Trmt miscast
  2042 | D:3      | XOM: summons 4 friendly demons
  2253 | D:3      | Reached skill level 7 in Unarmed Combat
  2487 | D:3      | XOM: give mutations
  2487 | D:3      | Gained mutation: You are resistant to hostile enchantments. [Xom's mischief]
  2487 | D:3      | Gained mutation: You are weak. (Str -2) [Xom's mischief]
  2487 | D:3      | Gained mutation: Armour fits poorly on your strangely shaped body. [Xom's mischief]
  2487 | D:3      | Gained mutation: Your magical capacity is low (-10% MP). [Xom's mischief]
  2537 | D:4      | XOM: summons friendly ice devil
  2666 | D:4      | XOM is BORED!
  2666 | D:4      | XOM: noise
  2785 | D:4      | Reached XP level 6. HP: 46/46 MP: 5/5
  2810 | D:4      | Found Jer Lap's Food Shoppe.
  2836 | D:4      | XOM: scenery: 1 doors open, 2 doors close
  2963 | D:4      | XOM: scenery: create altars
  3141 | D:4      | Found a deep blue altar of Sif Muna.
  3204 | D:4      | XOM: god gift: 10 stones
  3210 | D:4      | Reached skill level 8 in Unarmed Combat
  3288 | D:5      | Entered Level 5 of the Dungeon
  3376 | D:5      | XOM: summons friendly white imp
  3386 | D:5      | Found a staircase to the Ecumenical Temple.
  3401 | Temple   | Entered the Ecumenical Temple
  3458 | D:5      | XOM: vitrification
  3486 | D:5      | XOM: polymorph scorpion -> tengu
  3491 | D:5      | XOM: fake destruction
  3583 | D:5      | XOM: medium Trmt miscast
  3629 | D:5      | Reached XP level 7. HP: 49/51 MP: 6/6
  3651 | D:5      | XOM: smoke on damage
  3657 | D:5      | Reached skill level 9 in Unarmed Combat
  3843 | D:6      | XOM: god gift: plate armour {god gift}
  3846 | D:6      | XOM: confuse monster(s)
  3879 | D:6      | Reached skill level 10 in Unarmed Combat
  3898 | D:6      | XOM is BORED!
  4095 | D:6      | Reached XP level 8. HP: 39/57 MP: 7/7
  4172 | D:6      | XOM: confuse monster(s)
  4243 | D:6      | Reached skill level 11 in Unarmed Combat
  4261 | D:6      | Noticed Menkaure
  4272 | D:6      | Killed Menkaure
  4404 | D:6      | XOM: harmless Chrm miscast
  4412 | D:6      | Found a burning altar of Makhleb.
  4419 | D:6      | XOM: mild Necr miscast
  4533 | D:6      | XOM: polymorph howler monkey -> hound
  4615 | D:6      | Found an ancient bone altar of Kikubaaqudgha.
  4659 | D:6      | XOM: vitrification
  4700 | D:6      | XOM: god gift: yellowed book {god gift}
  4710 | D:6      | Identified Xom's Volume of Alarkh's Doom (Xom gifted it to you on level 6 of the Dungeon)
  5136 | D:7      | Found a shimmering altar of Xom.
  5136 | D:7      | XOM: summons 8 friendly demons
  5140 | D:7      | Reached skill level 1 in Stealth
  5184 | D:7      | XOM: swap monsters
  5194 | D:7      | Found a bloodstained altar of Trog.
  5194 | D:7      | XOM: 8-stop teleportation journey
  5267 | D:7      | XOM: enchant monster (good)
  5268 | D:7      | XOM: enchant monster (good)
  5275 | D:7      | XOM: swap monsters
  5282 | D:7      | Reached skill level 12 in Unarmed Combat
  5282 | D:7      | Reached XP level 9. HP: 62/65 MP: 8/8
  5323 | D:7      | XOM: potion effect (agility)
  5404 | D:7      | XOM: give mutation
  5404 | D:7      | Gained mutation: You have a pair of small antennae on your head. [Xom's grace]
  5480 | D:7      | XOM: god gift: 30 gold pieces
  5613 | D:7      | XOM: scenery: create altars
  5669 | D:7      | Reached skill level 5 in Dodging
  5679 | D:7      | XOM: swap monsters
  5751 | D:7      | XOM: summons 7 friendly demons
  5838 | D:7      | Noticed Pikel
  5839 | D:7      | XOM: potion effect (berserk rage)
  5845 | D:7      | XOM: cast spell 'Summon Horrible Things'
  5852 | D:7      | Killed Pikel
  5852 | D:7      | Reached skill level 5 in Stealth
  5871 | D:7      | Found an opulent altar of Gozag.
  5872 | D:7      | Found a glowing silver altar of Zin.
  6060 | D:8      | Reached skill level 5 in Fighting
  6129 | D:8      | XOM: silly message
  6158 | D:8      | XOM: enchant monster (good)
  6230 | D:8      | Reached XP level 10. HP: 64/74 MP: 9/9
  6237 | D:8      | Reached skill level 13 in Unarmed Combat
  6306 | D:8      | XOM: mild Necr miscast
  6379 | D:8      | XOM: potion effect (haste)
  6455 | D:8      | Found a glowing golden altar of the Shining One.
  6525 | D:8      | Found a shadowy altar of Dithmenos.
  6812 | D:8      | XOM: polymorph howler monkey -> sheep
  6927 | D:9      | XOM: confuse monster(s)
  6976 | D:9      | XOM: divination: magic mapping
  7035 | D:9      | XOM: confusion (+ monsters)
  7095 | D:9      | XOM: medium Necr miscast
  7145 | D:9      | Found a blossoming altar of Fedhas.
  7578 | D:9      | XOM: harmless Divn miscast
  7593 | D:9      | Found a radiant altar of Vehumet.
  7600 | D:9      | Found an ancient bone altar of Kikubaaqudgha.
  7658 | D:10     | Entered Level 10 of the Dungeon
  7667 | D:10     | XOM: potion effect (invisibility)
  7690 | D:10     | XOM: god gift: 28 gold pieces
  7783 | D:10     | Found Uhymoakh's Assorted Antiques.
  7799 | D:10     | Bought a blue potion for 26 gold pieces
  7799 | D:10     | Bought a gnarled runed rod for 348 gold pieces
  7799 | D:10     | Bought a scroll labeled DOSSOWOANT for 29 gold pieces
  7799 | D:10     | Bought a scroll of identify for 58 gold pieces
  7830 | D:10     | Found a staircase to the Orcish Mines.
  7871 | D:10     | Noticed a fire dragon
  7894 | D:10     | XOM: smoke on damage
  7895 | D:10     | Killed a fire dragon
  7955 | D:10     | Noticed Maurice
  7961 | D:10     | Identified a scroll of acquirement
  8064 | D:10     | XOM: divination: detect items
  8075 | D:10     | XOM: divination: magic mapping
  8082 | D:10     | Killed Maurice
  8376 | D:10     | XOM: smoke on damage
  8581 | D:11     | XOM: god gift: metallic purple potion
  8602 | D:11     | Noticed Maud
  8617 | D:11     | XOM: divination: detect creatures
  8620 | D:11     | XOM: potion effect (invisibility)
  8623 | D:11     | Killed Maud
  8623 | D:11     | Reached skill level 1 in Armour
  8623 | D:11     | Reached skill level 14 in Unarmed Combat
  8623 | D:11     | Reached XP level 11. HP: 45/83 MP: 9/9
  8691 | D:11     | XOM: harmless Pois miscast
  8761 | D:11     | XOM: 2-stop teleportation journey
  8762 | D:11     | Noticed a death knight
  8762 | D:11     | Noticed a phantasmal warrior
  8767 | D:11     | XOM: harmless Divn miscast
  8778 | D:11     | XOM: divination: detect items
  8779 | D:11     | Killed a phantasmal warrior
  8781 | D:11     | HP: 3/124 [freezing wraith[a death knight] (11)]
  8782 | D:11     | XOM: potion effect (haste)
  8784 | D:11     | Mangled by a death knight

Skill      XL: |  1  2  3  4  5  6  7  8  9 10 |
---------------+-------------------------------+-----
Unarmed Combat | 4 5 6 7 8 10 12 14 | 14.3
Fighting       | 3 5 6 |  6.7
Dodging        | 4 5 7 |  7.8
Stealth        | 2 6 9 |  9.2
Armour         | 1 |  1.7

Action                   |  1- 3 |  4- 6 |  7- 9 | 10-12 || total
-------------------------+-------+-------+-------+-------++-------
Melee: Unarmed           |   133 |   257 |   377 |   227 ||   994
       Bite              |     8 |    12 |    46 |    22 ||    88
       Punch             |     1 |     6 |    22 |     9 ||    38
 Abil: Evoke Berserk Rag |       |       |       |     2 ||     2
       End Transformatio |       |       |       |     1 ||     1
       Bat Form          |       |       |       |     1 ||     1
Evoke: Wand              |       |       |       |     1 ||     1
  Use: Potion            |     8 |    10 |    15 |    25 ||    58
       Scroll            |       |     6 |     1 |    17 ||    24
 Stab: Sleeping          |       |     1 |     7 |     5 ||    13
       Confused          |       |       |     3 |       ||     3
       Distracted        |       |       |     1 |       ||     1
       Invisible         |       |       |       |     5 ||     5
Armor: Leather armour    |    42 |    70 |    76 |    42 ||   230
       Skin              |       |       |       |    30 ||    30
       Fire dragon armou |       |       |       |     3 ||     3
Dodge: Dodged            |    72 |   151 |   169 |   124 ||   516
